 Dungeon Crawl Stone Soup version 0.22.0-49-gab54619674 (webtiles) character file.

22141 luvemil the Severer (level 12, -3/90 HPs)
             Began as a Minotaur Berserker on Sept 1, 2018.
             Was an Elder of Trog.
             Slain by a six-headed hydra (9 damage)
             ... on level 12 of the Dungeon on Sept 3, 2018.
             The game lasted 02:27:36 (14839 turns).

luvemil the Severer (Minotaur Berserker)           Turns: 14839, Time: 02:27:36

Health: -3/90      AC: 14    Str: 28    XL:     12   Next: 60%
Magic:  0/11       EV: 11    Int:  7    God:    Trog [****..]
Gold:   255        SH:  0    Dex: 11    Spells: 11/11 levels left

rFire    + . .     SeeInvis +   v - +0 whip (flame)
rCold    . . .     Gourm    .   (no shield)
rNeg     . . .     Faith    .   V - +4 ring mail
rPois    .         Spirit   +   y - +2 hat
rElec    .         Reflect  .   w - +0 cloak
rCorr    .         Harm     .   d - +1 pair of gloves
MR       .....                  (no boots)
Stlth    +.........             u - amulet of guardian spirit
HPRegen  0.25/turn              f - ring of protection from fire
MPRegen  0.12/turn              G - ring of see invisible

@: mighty
A: retaliatory headbutt, horns 2
a: Berserk, Trog's Hand, Brothers in Arms, Renounce Religion


You were on level 12 of the Dungeon.
You worshipped Trog.
Trog was greatly pleased with you.
You were not hungry.

You visited 1 branch of the dungeon, and saw 12 of its levels.

You collected 714 gold pieces.
You spent 459 gold pieces at shops.

Inventory:

Hand Weapons
 a - a +2 war axe of freezing
 h - a +4 quarterstaff of chaos
 q - a +1 hunting sling
 v - a +0 whip of flaming (weapon)
 A - a +1 flail of venom
 E - a +4 war axe
 O - a +0 executioner's axe
Missiles
 s - 3 poisoned javelins (quivered)
 B - 2 steel tomahawks
 I - 7 tomahawks
 J - 6 silver javelins
 Q - 47 sling bullets
 U - 7 javelins
 Z - 2 tomahawks of returning
Armour
 d - a +1 pair of gloves (worn)
 l - a +0 plate armour
 w - a +0 cloak (worn)
 y - a +2 hat (worn)
 V - a +4 ring mail (worn)
Jewellery
 f - a ring of protection from fire (left hand)
 u - an amulet of guardian spirit (around neck)
 D - an uncursed ring of ice
 F - an uncursed ring of stealth
 G - a ring of see invisible (right hand)
 P - an uncursed ring of magical power
Wands
 b - a wand of digging (6)
 z - a wand of flame (70)
 S - a wand of polymorph (33)
Scrolls
 i - 2 scrolls of identify
 o - 2 scrolls of enchant weapon
 t - 7 scrolls of teleportation
 L - a scroll of amnesia {unknown}
 M - 2 scrolls of magic mapping
 N - 4 scrolls of enchant armour
 R - a scroll of holy word {unknown}
 W - 2 scrolls of remove curse
Potions
 e - a potion of haste {unknown}
 g - 3 potions of brilliance
 j - 4 potions of curing
 k - a potion of lignification {unknown}
 m - a potion of flight {unknown}
 n - a potion of cancellation
 r - a potion of heal wounds {unknown}
 T - a potion of resistance {unknown}
 X - a potion of mutation {unknown}
Miscellaneous
 x - a sack of spiders
 C - a phantom mirror
Comestibles
 c - 20 rations


   Skills:
 - Level 3.6 Fighting
 + Level 20.4 Axes
 - Level 10.0 Throwing
 - Level 2.4 Armour
 - Level 2.1 Dodging


You had 11 spell levels left.
You didn't know any spells.
Your spell library was empty.

Dungeon Overview and Level Annotations

Branches:
Dungeon (12/15)            Temple (0/1) D:6            Lair (0/6) D:11
    Orc: D:9-12

Altars:
Cheibriados
Dithmenos
Elyvilon
Fedhas
Gozag
Hepliaklqana
Nemelex Xobeh
Okawaru
Qazlal
Trog
Uskayaw
Wu Jian
Xom
Zin

Shops:
D:6 *   D:8 *   D:10 (

Annotations:
D:9 4 runed doors
D:12 exclusion: acid dragon


Innate Abilities, Weirdness & Mutations

You reflexively headbutt those who attack you in melee.
You have a pair of horns on your head.


Message History

The six-headed hydra bites you. The six-headed hydra misses you.
The six-headed hydra barely misses you.
You hit the six-headed hydra. You burn the six-headed hydra.
Your headbutt misses the six-headed hydra.
The six-headed hydra is severely wounded.
You hit the six-headed hydra. You burn the six-headed hydra.
The six-headed hydra is severely wounded.
The six-headed hydra bites you!
The six-headed hydra bites you but does no damage. x2
The six-headed hydra bites you! The six-headed hydra bites you.
The six-headed hydra bites you!
* * * LOW HITPOINT WARNING * * *
You feel very mighty all of a sudden. The six-headed hydra bites you!
* * * LOW HITPOINT WARNING * * *
The six-headed hydra bites you!
* * * LOW HITPOINT WARNING * * *
The six-headed hydra bites you but does no damage. x2
The six-headed hydra bites you!
You die...

#..# #.......# ##
##.## #.......# #..#
#####.### ##.#
#####... #####.###
###........ #.......#
#.'.........
#.......###(#.......
..........##D.#.......
.##...)...##@##W......
#.......#..# .......
#.........## #######
#.......### #########


You could see a six-headed hydra.

Vanquished Creatures
  Erolcha (D:12)
  A hydra (D:11)
  7 two-headed ogres
  Pikel (D:7)
  An orc knight (D:12)
  A manticore (D:11)
  2 ugly things
  A cyclops (D:12)
  Joseph (D:7)
  3 gargoyles
  Psyche (D:10)
  A komodo dragon (D:10)
  2 trolls
  Grinder (D:3)
  2 slime creatures (D:12)
  2 hippogriffs
  A wraith (D:11)
  9 yaks
  A wyvern (D:8)
  A basilisk (D:12)
  4 hungry ghosts
  Edmund (D:6)
  4 porcupines (D:11)
  2 eyes of draining
  5 phantoms
  6 ice beasts
  3 sky beasts
  A black bear (D:11)
  4 necrophages (D:10)
  3 ogres
  9 orc warriors
  11 centaurs
  3 crocodiles
  3 big kobolds
  Blork the orc (D:6)
  11 bullfrogs
  A wyvern zombie (D:10)
  5 scorpions
  A water moccasin skeleton (D:7)
  6 killer bees (D:8)
  2 wights (D:10)
  2 howler monkeys (D:11)
  3 crimson imps
  A centaur zombie (D:10)
  2 bullfrog zombies
  17 orc priests
  5 hounds
  2 jellies
  Crazy Yiuf (D:3)
  A bullfrog skeleton (D:11)
  A centaur skeleton (D:9)
  8 iguanas
  12 worker ants
  12 orc wizards
  A hound zombie (D:8)
  A hound skeleton (D:6)
  A howler monkey zombie (D:10)
  A gnoll (D:1)
  17 adders
  6 shadow imps
  An ooze (D:3)
  An adder zombie (D:8)
  7 worms
  A dart slug (D:1)
  3 leopard geckos
  60 orcs
  A ball python (D:3)
  7 bats
  5 giant cockroaches
  9 goblins
  11 hobgoblins
  9 jackals
  21 kobolds
  5 quokkas
  5 frilled lizards
  A jackal skeleton (D:5)
  4 leopard gecko skeletons
  A quokka zombie (D:7)
  10 rats
  2 plants (D:11)
384 creatures vanquished.

Vanquished Creatures (others)
  A sky beast (D:7)
  3 slaves (D:7)
  A scorpion (D:7)
  A shadow imp (D:7)
  54 fungi (D:11)
  20 plants (D:11)
80 creatures vanquished.

Grand Total: 464 creatures vanquished

Notes
Turn   | Place    | Note
-------+----------+-------------------------------------------
     0 | D:1      | luvemil the Minotaur Berserker began the quest for the Orb.
     0 | D:1      | Reached XP level 1. HP: 19/19 MP: 0/0
    61 | D:1      | Reached skill level 4 in Axes
   247 | D:1      | Reached XP level 2. HP: 25/26 MP: 1/1
   447 | D:1      | Reached skill level 5 in Axes
   770 | D:1      | Reached XP level 3. HP: 27/31 MP: 2/2
  1204 | D:2      | Reached ** piety under Trog
  1774 | D:2      | Reached skill level 6 in Axes
  1774 | D:2      | Reached XP level 4. HP: 39/39 MP: 3/3
  2607 | D:2      | Noticed a moth of wrath
  2610 | D:2      | Found a bloodstained altar of Trog.
  2889 | D:3      | Noticed Grinder
  2895 | D:3      | Killed Grinder
  2895 | D:3      | Reached skill level 8 in Axes
  2895 | D:3      | Reached XP level 5. HP: 45/45 MP: 4/4
  2895 | D:3      | Reached XP level 6. HP: 51/51 MP: 5/5
  2922 | D:3      | Found a hazy altar of Hepliaklqana.
  3257 | D:3      | Found a runed door.
  3321 | D:3      | Reached *** piety under Trog
  3487 | D:3      | Reached skill level 9 in Axes
  3646 | D:3      | Noticed Crazy Yiuf
  3650 | D:3      | Killed Crazy Yiuf
  4234 | D:4      | Reached XP level 7. HP: 43/57 MP: 3/6
  4773 | D:5      | Entered Level 5 of the Dungeon
  4812 | D:5      | Reached skill level 10 in Axes
  4986 | D:5      | Found an opulent altar of Gozag.
  5323 | D:6      | Noticed Blork the orc
  5333 | D:6      | Killed Blork the orc
  5364 | D:6      | Reached skill level 11 in Axes
  5486 | D:6      | Found Cinek's General Store.
  5491 | D:6      | Bought a potion of curing for 33 gold pieces
  5548 | D:6      | Found a staircase to the Ecumenical Temple.
  5609 | D:6      | Noticed Edmund
  5619 | D:6      | Killed Edmund
  5619 | D:6      | Reached XP level 8. HP: 64/64 MP: 7/7
  5750 | D:6      | Reached skill level 12 in Axes
  6008 | D:6      | Found a snail-covered altar of Cheibriados.
  6021 | D:6      | Received a gift from Trog
  6233 | D:6      | Found a blossoming altar of Fedhas.
  6313 | D:6      | Found a sparkling altar of Nemelex Xobeh.
  6666 | D:7      | Noticed Pikel
  6673 | D:7      | Killed Pikel
  6673 | D:7      | Reached skill level 13 in Axes
  6673 | D:7      | Reached XP level 9. HP: 70/70 MP: 8/8
  6675 | D:7      | Noticed Joseph
  6724 | D:7      | Reached skill level 14 in Axes
  6739 | D:7      | Killed Joseph
  6963 | D:7      | Found a hide-covered altar of Uskayaw.
  6964 | D:7      | Found an ornate altar of the Wu Jian Council.
  6965 | D:7      | Found a glowing silver altar of Zin.
  7066 | D:7      | Found an iron altar of Okawaru.
  7066 | D:7      | Found a white marble altar of Elyvilon.
  7068 | D:7      | Found a shimmering altar of Xom.
  7073 | D:7      | Found a stormy altar of Qazlal.
  7495 | D:7      | Reached skill level 5 in Throwing
  7663 | D:8      | Found a shadowy altar of Dithmenos.
  7697 | D:8      | Reached **** piety under Trog
  7745 | D:8      | Found Piakoar's General Store.
  7791 | D:8      | Bought a scroll of remove curse for 39 gold pieces
  7791 | D:8      | Bought a scroll of blinking for 97 gold pieces
  8167 | D:8      | Reached XP level 10. HP: 75/77 MP: 9/9
  8242 | D:8      | Received a gift from Trog
  8541 | D:8      | Upgraded the game from 0.22.0-40-g68aacdc4c8 to
                  | 0.22.0-49-gab54619674
  8875 | D:9      | Found a huge runed gate.
  8875 | D:9      | Found a huge runed gate.
  8876 | D:9      | Noticed a manticore
  8894 | D:9      | Found a huge runed gate.
  8894 | D:9      | Found a huge runed gate.
  9321 | D:9      | Noticed a two-headed ogre
  9357 | D:9      | Killed a two-headed ogre
  9357 | D:9      | Reached skill level 15 in Axes
  9457 | D:10     | Entered Level 10 of the Dungeon
  9509 | D:10     | Noticed a cyan ugly thing
  9512 | D:10     | Killed a cyan ugly thing
  9530 | D:10     | Noticed a two-headed ogre
  9539 | D:10     | Killed a two-headed ogre
  9543 | D:10     | Noticed a gargoyle
  9547 | D:10     | Killed a gargoyle
  9547 | D:10     | Reached XP level 11. HP: 82/82 MP: 10/10
  9764 | D:10     | Reached skill level 10 in Throwing
  9786 | D:10     | Reached skill level 16 in Axes
  9802 | D:10     | Found Qeinang's Antique Weapon Shop.
  9851 | D:10     | Bought an executioner's axe for 290 gold pieces
  9987 | D:10     | Reached ***** piety under Trog
 10068 | D:10     | Noticed Psyche
 10075 | D:10     | Killed Psyche
 10497 | D:11     | Received a gift from Trog
 10500 | D:11     | Noticed a purple ugly thing
 10503 | D:11     | Killed a purple ugly thing
 10503 | D:11     | Reached skill level 17 in Axes
 10692 | D:11     | Noticed a two-headed ogre
 10704 | D:11     | Killed a two-headed ogre
 10759 | D:11     | Received a gift from Trog
 10775 | D:11     | Found an iron altar of Okawaru.
 10802 | D:11     | Noticed a six-headed hydra
 10814 | D:11     | Found a staircase to the Lair.
 11316 | D:11     | Reached skill level 18 in Axes
 11387 | D:11     | Killed a six-headed hydra
 11763 | D:11     | Noticed a two-headed ogre
 11772 | D:11     | Killed a two-headed ogre
 11915 | D:11     | Reached XP level 12. HP: 31/90 MP: 4/11
 12219 | D:12     | Noticed a two-headed ogre
 12226 | D:12     | Killed a two-headed ogre
 12232 | D:12     | Reached skill level 19 in Axes
 13637 | D:12     | Received a gift from Trog
 13691 | D:12     | Noticed a two-headed ogre
 13704 | D:12     | Killed a two-headed ogre
 14002 | D:12     | Noticed a two-headed ogre
 14022 | D:12     | Killed a two-headed ogre
 14031 | D:12     | Reached skill level 20 in Axes
 14394 | D:12     | Noticed Erolcha
 14424 | D:12     | Killed Erolcha
 14815 | D:12     | Noticed a six-headed hydra
 14839 | D:12     | Slain by a six-headed hydra

Skill      XL: |  1  2  3  4  5  6  7  8  9 10 11 12 |
---------------+-------------------------------------+-----
Axes           | 4 5 6 8 9 11 13 14 15 18 20 | 20.4
Throwing       | 8 9 10 | 10.0
Fighting       | |  3.6
Armour         | |  2.4
Dodging        | |  2.1

Action                   |  1- 3 |  4- 6 |  7- 9 | 10-12 || total
-------------------------+-------+-------+-------+-------++-------
Melee: Hand axe          |    72 |    31 |   309 |    44 ||   456
       Headbutt          |    11 |    23 |    67 |    83 ||   184
       Spear             |       |    98 |    68 |       ||   166
       War axe           |       |       |       |    83 ||    83
       Executioner's axe |       |       |       |   272 ||   272
       Whip              |       |       |       |    18 ||    18
 Fire: Hunting sling     |     3 |    17 |    53 |    91 ||   164
Throw: Stone             |       |    39 |    20 |       ||    59
       Tomahawk          |       |     4 |     8 |   208 ||   220
       Javelin           |       |       |       |    37 ||    37
Invok: Berserk           |     2 |     8 |    11 |    14 ||    35
       Trog's Hand       |       |     1 |     4 |     9 ||    14
Evoke: Wand              |       |       |       |     1 ||     1
  Use: Scroll            |       |     9 |     4 |    12 ||    25
       Potion            |       |       |     1 |     9 ||    10
  Eat: Chunk             |     4 |    11 |    23 |    29 ||    67
       Ration            |       |     1 |     1 |     5 ||     7
Armor: Animal skin       |    10 |     3 |       |       ||    13
       Scale mail        |       |    27 |    22 |    68 ||   117
       Chain mail        |       |       |   100 |    13 ||   113
       Ring mail         |       |       |       |    52 ||    52
       Skin              |       |       |       |     3 ||     3
       Plate armour      |       |       |       |    90 ||    90
Dodge: Dodged            |    40 |    57 |   100 |   184 ||   381
